AoeStats
← cambrolove

Arena

510193259Analyzed
1v1 RM · 4d ago on Sep 29, 2026· 53m 56s· 2 players
Game mode
Random Map
Map size
Tiny (2 player)
Population
200
Speed
Normal
Resources
Standard
Victory
Conquest
Starting age
Dark Age
Ending age
Imperial Age
RankedLock teamsTeams togetherTeam positionsShared explorationLock speedFull tech treeHidden civsTurbo modeCheats
Victory
Defeat
🇦🇷 Vietnamese · Argentina
964
+16
🇺🇸 Bohemians · United States
966
-16
gabymarco09
10:23 Feudal Age
14:30 Castle Age
13:01 Double-Bit Axe
15:47 Wheelbarrow
15:01 Horse Collar
15:15 Gold Mining
17:33 Heavy Plow
19:46 Bow Saw
24:51 Loom
26:55 Hand Cart
26:29 Town Watch
26:55 Stone Mining
29:57 Imperial Age
28:32 Fletching
28:43 Padded Archer Armor
29:05 Ballistics
29:54 Bodkin Arrow
30:59 Stone Shaft Mining
31:10 Leather Archer Armor
31:10 Bracer
32:32 Two-Man Saw
31:37 Town Patrol
32:00 Elite Rattan Archer
32:07 Capped Ram
34:42 Ring Archer Armor
34:23 Forging
34:19 Scale Barding Armor
35:30 Chemistry
37:18 Paper Money
37:46 Iron Casting
37:32 Chain Barding Armor
40:53 Elite Battle Elephant
42:35 Plate Barding Armor
42:12 Bloodlines
42:03 Husbandry
52:26 Light Cavalry
cambrolove
12:25 Feudal Age
16:04 Castle Age
15:32 Double-Bit Axe
15:35 Horse Collar
27:27 Wheelbarrow
27:14 Bow Saw
27:22 Heavy Plow
30:44 Hand Cart
30:15 Town Watch
30:15 Loom
34:09 Imperial Age
32:43 Chemistry
33:48 Ballistics
37:50 Two-Man Saw
38:15 Houfnice
43:39 Forging
43:30 Scale Mail Armor
44:20 Town Patrol
44:51 Hussite Reforms
45:07 Conscription
46:28 Sanctity
46:19 Fervor
47:06 Pikeman
47:43 Halberdier
49:24 Elite Skirmisher
Connection lost

Rejoining the realm…

Still unreachable

The connection could not be restored.

Session expired

The server has moved on; the page needs a fresh start.